 Dungeon Crawl Stone Soup version 0.26.0-16-gc1dbca0489 (webtiles) character file.

Game seed: 6378496530024310916

46 kreisler the Sneak (level 3, -7/24 HPs)
             Began as an Octopode Brigand on Jan 21, 2021.
             Mangled by a gnoll (8 damage)
             ... on level 2 of the Dungeon.
             The game lasted 00:06:14 (778 turns).

kreisler the Sneak (Octopode Brigand)                Turns: 778, Time: 00:06:15

Health: -7/24      AC:  1    Str: 11    XL:     3   Next: 66%
Magic:  3/3        EV: 13    Int: 13    God:
Gold:   48         SH:  0    Dex: 13    Spells: 2/2 levels left

rFire    + + .     SeeInvis .   a - +3 dagger
rCold    . . .     Faith    .   (no shield)
rNeg     . . .     Spirit   .   (helmet restricted)
rPois    .         Reflect  .   (no amulet)
rElec    .         Harm     .   (no ring)
rCorr    .         Rampage  .   (no ring)
Will     .....     Rnd*Rage +   (no ring)
Stlth    ++++......             (no ring)
HPRegen  0.08/turn              (no ring)
MPRegen  0.08/turn              (no ring)
                                (no ring)
                                (no ring)

@: mighty
A: almost no armour, stealthy swim, amphibious, 8 rings, constrict 8, camouflage
1, berserk 1, blink, fire resistance 2, gelatinous body 1
a: Blink


You were on level 2 of the Dungeon.
You visited 1 branch of the dungeon, and saw 2 of its levels.

You collected 48 gold pieces.

Inventory:

Hand Weapons
 a - a +3 dagger (weapon)
Missiles
 b - 36 poisoned darts (quivered)
 c - 2 curare-tipped darts
Scrolls
 f - a scroll of teleportation
 g - 2 scrolls of magic mapping
Potions
 e - a potion of lignification


   Skills:
 + Level 2.2 Fighting
 + Level 2.2 Short Blades
 + Level 2.3 Throwing
 + Level 1.1 Dodging
 + Level 6.6 Stealth


You had 2 spell levels left.
You didn't know any spells.
Your spell library was empty.

Dungeon Overview and Level Annotations

Branches:
Dungeon (2/15)

Altars:


Innate Abilities, Weirdness & Mutations

You cannot wear most types of armour.
You are very stealthy in the water. (Stealth+)
You are amphibious.
You can wear up to eight rings at the same time.
You can use your tentacles to constrict eight enemies at once.
Your skin changes colour to match your surroundings (Stealth+).
Your rubbery body absorbs attacks. (AC +1, EV +1)
You tend to lose your temper in combat.
You can translocate small distances at will.
Your flesh is very heat resistant. (rF++)


Message History

You kill the gnoll!
You barely miss the gnoll. You grab the gnoll. You constrict the gnoll.
The gnoll hits you but does no damage.
You puncture the gnoll!
The gnoll is severely wounded.
You constrict the gnoll, but do no damage.
The gnoll hits you with a +0 club.
You hit the gnoll.
You kill the gnoll!
You hit the gnoll. Your grab misses the gnoll. Your squeeze misses the gnoll.
The gnoll is heavily wounded.
The gnoll hits you.
You barely miss the gnoll. Your grab misses the gnoll.
The gnoll is heavily wounded.
The gnoll hits you!
* * * LOW HITPOINT WARNING * * *
You hit the gnoll. You grab the gnoll.
The gnoll is severely wounded.
You constrict the gnoll. The gnoll hits you!
You die... .........>. ####...†####.........# .....†.....+.........+ ####....####......... # ##.#.## ....... # #..#.# ..... # #†##.# (rr

# #.##.# #g#
###.##.# #@#
.......# #.#
###.############.##
#.# #.......#...##
#.# #.#####......#
#.# #.# #.#...##
#.###.#####.##.##
#..).....##.####..
#####.##.........#


You could see a gnoll, a quokka and a rat.

Vanquished Creatures
  2 gnolls (D:2)
  A dart slug (D:1)
  2 leopard geckos
  A bat (D:1)
  3 giant cockroaches
  2 goblins
  4 hobgoblins (D:1)
  3 frilled lizards
  3 kobolds (D:1)
  A rat (D:1)
22 creatures vanquished.

Notes
Turn   | Place    | Note
-------+----------+-------------------------------------------
     0 | D:1      | kreisler the Octopode Brigand began the quest for the Orb.
     0 | D:1      | Reached XP level 1. HP: 14/14 MP: 1/1
   258 | D:1      | Reached XP level 2. HP: 19/19 MP: 2/2
   284 | D:1      | Reached skill level 6 in Stealth
   645 | D:1      | Gained mutation: You can translocate small distances at
                  | will. [potion of mutation]
   645 | D:1      | Gained mutation: Your flesh is heat resistant. (rF+)
                  | [potion of mutation]
   645 | D:1      | Gained mutation: You tend to lose your temper in combat.
                  | [potion of mutation]
   645 | D:1      | Gained mutation: Your flesh is very heat resistant. (rF++)
                  | [potion of mutation]
   725 | D:2      | Reached XP level 3. HP: 24/24 MP: 3/3
   777 | D:2      | HP: 1/24 [gnoll (7)]
   778 | D:2      | Mangled by a gnoll

Illustrated notes

Levels and vault maps discovered:
D:1:      mushboom_english_gardens, layout_basic
D:2:      layout_loops_corners, minmay_overflow_temple_star_quad

Skill      XL: |  1  2 |
---------------+-------+-----
Stealth        | 6 |  6.6
Fighting       | |  2.2
Short Blades   | |  2.2
Throwing       | |  2.3
Dodging        | |  1.1

Action                   || total
-------------------------++-------
Melee: Dagger            ||    50
       Constrict         ||    12
       Tentacles         ||     3
Throw: Dart              ||    11
  Use: Scroll            ||     6
       Potion            ||     3
 Stab: Sleeping          ||     5
Armor: Skin              ||     3
Dodge: Dodged            ||    23
